 Dungeon Crawl Stone Soup version 0.31-a0-185-g9dded2c639 (webtiles) character file.

Game seed: 6683015793228947590

310 qw the Skirmisher (level 6, -11/35 HPs)
             Began as a Deep Elf Hunter on June 22, 2023.
             Mangled by an ogre
             ... wielding a +0 giant club
              (16 damage)
             ... on level 4 of the Dungeon.
             The game lasted 00:00:53 (2098 turns).

qw the Skirmisher (Deep Elf Hunter)                 Turns: 2098, Time: 00:00:54

Health: -11/35     AC:  7    Str: 10    XL:     6   Next: 17%
Magic:  0/8        EV: 16    Int: 14    God:
Gold:   152        SH:  0    Dex: 18    Spells: 5/5 levels left

rFire   . . .        Y - +1 shortbow
rCold   . . .        (shield currently unavailable)
rNeg    . . .        i - +0 ring mail
rPois   .            l - +0 helmet
rElec   .            k - +0 cloak
rCorr   .            (no gloves)
SInv    .            (no boots)
Will    .....        g - amulet of guardian spirit
Stlth   +            h - +5 ring of evasion
HPRegen 0.25/turn    (no ring)
MPRegen 0.11/turn

%: guardian spirit
@: no status effects
A: no striking features
a: no special abilities


You were on level 4 of the Dungeon.
You visited 1 branch of the dungeon, and saw 4 of its levels.

You collected 152 gold pieces.


   Skills:
 - Level 2.0 Fighting
 + Level 9.3 Ranged Weapons
 - Level 1.1 Armour
 - Level 2.4 Dodging
 - Level 1.2 Stealth


You had 5 spell levels left.
You didn't know any spells.
Your spell library was empty.

Inventory:

Hand Weapons
 Y - a +1 shortbow (weapon)
Armour
 i - a +0 ring mail (worn)
 k - a +0 cloak (worn)
 l - a +0 helmet (worn)
Jewellery
 g - an amulet of guardian spirit (around neck)
 h - a +5 ring of evasion (left hand)
Scrolls
 a - a scroll of identify
 d - a scroll of vulnerability {unknown}
 m - a scroll of noise {unknown}
Potions
 b - a potion of mutation {unknown}
 e - a potion of curing
 f - a potion of enlightenment {unknown}
 j - a potion of berserk rage {unknown}

Dungeon Overview and Level Annotations

Branches:
Dungeon (4/15)
 Temple: D:4-7

Altars:
Ru
Xom

Shops:
D:1 =   D:2 :


Message History

HP restored.
You now have 152 gold pieces (gained 14).
You see here a +0 leather armour.
Found a book of Spatial Translocations.
Enter note:
Enter note: An ogre comes into view. It is wielding a +0 giant club.
Found 5 stones.
The ogre shouts!
Enter note:
Enter note: You shoot an arrow.
The arrow hits the ogre but does no damage.
The ogre closely misses you.
You shoot an arrow. The arrow barely misses the ogre.
The ogre hits you with a +0 giant club!
You shoot an arrow. The arrow hits the ogre!
The ogre is moderately wounded.
You shoot an arrow.
The arrow hits the ogre but does no damage.
The ogre is moderately wounded.
The ogre hits you with a +0 giant club.
You shoot an arrow. The arrow hits the ogre.
The ogre is heavily wounded.
The ogre barely misses you.
You shoot an arrow.
The arrow hits the ogre but does no damage.
The ogre is heavily wounded.
You shoot an arrow. The arrow barely misses the ogre.
The ogre hits you with a +0 giant club!!
You shoot an arrow. The arrow closely misses the ogre.
The ogre barely misses you.
You shoot an arrow. The arrow barely misses the ogre.
The ogre barely misses you.
You shoot an arrow. The arrow hits the ogre.
The ogre is heavily wounded.
You shoot an arrow. The arrow hits the ogre.
The ogre is severely wounded.
The ogre hits you with a +0 giant club!!
You die...

#.# #.#.#.#. #.#
#...#...#. #.##
#.#.#.#.#.# #
#.#.#...#...#.. #
##.##.#.#.#.#.# #####
#......#...#..
....####.###.#.#.#.#.#
#........##.#...#O..#
[.....######.#:#@#
####.....# ###....).#
# ##.##.# ###.###..# #
#..#..).##.. .## #
##..# ...... .
#######.##.##### #.
#..........# ..
#.#........# (.
...........#


You could see an ogre.

Vanquished Creatures
  A phantom (D:4)
  A scorpion (D:4)
  A jelly (D:4)
  A hound (D:4)
  4 gnolls (D:4)
  3 adders
  A worm (D:2)
  5 ball pythons
  2 bats (D:1)
  4 endoplasms
  5 giant cockroaches
  5 goblins
  4 hobgoblins
  2 jackals (D:2)
  5 kobolds
  2 quokkas (D:1)
  2 frilled lizards
  4 rats
52 creatures vanquished.

Notes
Turn   | Place    | Note
-------+----------+-------------------------------------------
     0 | D:1      | qw the Deep Elf Hunter began the quest for the Orb.
     0 | D:1      | Reached XP level 1. HP: 12/12 MP: 3/3
     0 | D:1      | 0 ||| qw: Version: 0.3-a-9-g12657ce
     0 | D:1      | 0 ||| qw: Game counter: 1809
     0 | D:1      | 0 ||| qw: Always use a shield: true
     0 | D:1      | 0 ||| qw: God list: Okawaru
     0 | D:1      | 0 ||| qw: Allow faded altars: false
     0 | D:1      | 0 ||| qw: Do Orc after D:15 true
     0 | D:1      | 0 ||| qw: Do second Lair branch before Depths: true
     0 | D:1      | 0 ||| qw: Lair rune preference: random
     0 | D:1      | 0 ||| qw: Plans: Normal
     0 | D:1      | 0 ||| PLANNING D:1-11
    85 | D:1      | Found Neezy's Jewellery Boutique.
   100 | D:1      | Reached XP level 2. HP: 16/16 MP: 4/4
   102 | D:1      | 102 ||| SHOPLISTING amulet of regeneration (300 gold, have
                  | 5).
   102 | D:1      | 102 ||| SHOPLISTING amulet of the acrobat (300 gold, have
                  | 5).
   102 | D:1      | 102 ||| SHOPLISTING ring of fire (250 gold, have 5).
   102 | D:1      | 102 ||| SHOPLISTING ring of ice (250 gold, have 5).
   102 | D:1      | 102 ||| SHOPLISTING ring of resist corrosion (200 gold,
                  | have 5).
   138 | D:1      | Reached skill level 6 in Ranged Weapons
   495 | D:1      | 495 ||| UPGRADING to +0 ring mail.
   505 | D:1      | 505 ||| DROPPING +0 leather armour.
   506 | D:1      | 506 ||| UPGRADING to amulet of guardian spirit.
   511 | D:1      | 511 ||| READING 2 scrolls labelled CIOHYCREIRPH.
   512 | D:1      | 512 ||| READING scroll labelled UMIOREGOID.
   513 | D:1      | 513 ||| DROPPING scroll of butterflies.
   707 | D:2      | Found Erachiav's Book Shoppe.
   718 | D:2      | Reached XP level 3. HP: 20/20 MP: 5/5
   821 | D:2      | Found a faded altar of an unknown god.
   985 | D:2      | 985 ||| UPGRADING to +5 ring of evasion.
   986 | D:2      | 986 ||| READING scroll labelled SIUMIO NOENEIM.
   987 | D:2      | 987 ||| DRINKING 2 smoky orange potions.
   988 | D:2      | 988 ||| READING 2 scrolls of identify.
   988 | D:2      | 988 ||| IDENTIFYING smoky clear potion
   989 | D:2      | 989 ||| DROPPING potion of brilliance.
  1062 | D:3      | Found a shimmering altar of Xom.
  1353 | D:3      | Found a sacrificial altar of Ru.
  1517 | D:3      | Reached skill level 7 in Ranged Weapons
  1668 | D:3      | 1668 ||| UPGRADING to +0 cloak.
  1673 | D:3      | 1673 ||| UPGRADING to +0 helmet.
  1678 | D:3      | 1678 ||| READING scroll labelled FARUDD RE SOIB.
  1679 | D:3      | 1679 ||| DRINKING 2 emerald potions.
  1687 | D:3      | 1687 ||| READING 2 scrolls of identify.
  1687 | D:3      | 1687 ||| IDENTIFYING smoky blue potion
  1688 | D:3      | 1688 ||| DROPPING potion of ambrosia.
  1717 | D:4      | Reached XP level 4. HP: 25/25 MP: 6/6
  1721 | D:4      | Noticed a phantom
  1737 | D:4      | Killed a phantom
  1738 | D:4      | Reached skill level 8 in Ranged Weapons
  1738 | D:4      | Reached XP level 5. HP: 25/29 MP: 5/7
  1797 | D:4      | HP: 6/29 [poisoned by a scorpion]
  1798 | D:4      | 1798 ||| DRINKING potion of heal wounds.
  1808 | D:4      | HP: 6/29 [scorpion (3)]
  1812 | D:4      | Reached skill level 9 in Ranged Weapons
  1881 | D:4      | Reached XP level 6. HP: 25/35 MP: 8/8
  1965 | D:4      | Reached skill level 1 in Armour
  2094 | D:4      | HP: 4/35 [ogre/+0 giant club (17)]
  2098 | D:4      | Mangled by an ogre

Levels and vault maps discovered:
D:1:      co_arrival_random_square_maze, layout_rooms, serial_shops, shop
D:2:      layout_rooms, serial_shops, shop,
          shapermc_ecumenical_altar_totnotflames, hangedman_decor_growths
D:3:      layout_basic, hangedman_ru_absence, mainiacjoe_overflow_catwalk,
          minmay_misc_feat_enclosed
D:4:      layout_rooms, serial_shops, shop, shop, kennysheep_crisscross,
          minivault_27, kennysheep_cross_bottleneck, grunt_tough_drop

Skill      XL: |  1  2  3  4  5  6 |
---------------+-------------------+-----
Ranged Weapons | 6 7 8 9 |  9.3
Fighting       | 2 |  2.0
Armour         | 1 |  1.1
Dodging        | |  2.4
Stealth        | |  1.2

Action                     |  1- 3 |  4- 6 || total
---------------------------+-------+-------++-------
   Fire: Shortbow          |   106 |    96 ||   202
    Use: Scroll            |     6 |       ||     6
         Potion            |     2 |     1 ||     3
 Armour: Leather armour    |     5 |       ||     5
         Ring mail         |     5 |    23 ||    28
  Dodge: Dodged            |    24 |    69 ||    93

Table legend:
 A = Non-vault XP
 B = Vault XP
 C = Vault XP percentage of total XP
 D = Non-vault monster count
 E = Vault monster count
 F = Vault count percentage of total count
                 A         B        C        D         E       F
            +---------+---------+-------+---------+---------+-------
      Total |     443 |       0 |   0.0 |      52 |       0 |   0.0
            +---------+---------+-------+---------+---------+-------
        D:1 |      26 |       0 |   0.0 |      14 |       0 |   0.0
        D:2 |      24 |       0 |   0.0 |      13 |       0 |   0.0
        D:3 |      27 |       0 |   0.0 |       9 |       0 |   0.0
        D:4 |     366 |       0 |   0.0 |      16 |       0 |   0.0
            +---------+---------+-------+---------+---------+-------
